| Goals | Penalties |
1. Toronto Marlies , A.J. Greer 3 (Brian Pinho 4, Spencer Stastney 2) at 0:14
2. Sherbrooke Phoenix , Hunter McKown 2 (Marc McLaughlin 3, Mackenzie MacEachern 2) at 7:37
3. Sherbrooke Phoenix , Mackenzie MacEachern 3 (Marc McLaughlin 4, Hunter McKown 4) at 12:12 (PP)
|
Gustav Lindstrom (PHO) for Roughing (Minor) at 0:58 Lucas Ciona (MAR) for Fighting (Major) at 11:52 Gustav Lindstrom (PHO) for Fighting (Major) at 11:52 A.J. Greer (MAR) for Holding (Minor) at 12:02 A.J. Greer (MAR) for Fighting (Major) at 12:17 Mackenzie MacEachern (PHO) for Fighting (Major) at 12:17
|
4. Toronto Marlies , Brian Pinho 4 (A.J. Greer 4, Drew Helleson 4) at 0:10
5. Toronto Marlies , Derek Ryan 3 (Lucas Ciona 1) at 0:21
6. Sherbrooke Phoenix , Dylan Peterson 1 (Adam Boqvist 3, Hunter McDonald 1) at 5:04
|
Drew Helleson (MAR) for Slashing (Minor) at 7:39 Mackenzie MacEachern (PHO) for Tripping (Minor) at 7:51 A.J. Greer (MAR) for Interference (Minor) at 16:35 A.J. Greer (MAR) for Holding Stick (Minor) at 19:34
|
7. Sherbrooke Phoenix , Adam Boqvist 2 (Hunter McDonald 2) at 13:38
8. Sherbrooke Phoenix , Zach Dean 1 (Dylan Peterson 1, Colton White 1) at 15:22
9. Toronto Marlies , Matthew Highmore 5 (A.J. Greer 5) at 16:07 (PP)
|
Riley Kidney (PHO) for Slashing (Minor) at 4:04 Hunter McDonald (PHO) for High sticking (Minor) at 10:02 Josiah Didier (MAR) for Fighting (Major) at 12:13 Tim Gettinger (PHO) for Fighting (Major) at 12:13 Wyatt Aamodt (PHO) for Interference (Minor) at 16:02 Justin Dowling (MAR) for Tripping (Minor) at 18:58
|
|
Devon Levi (PHO), 25 saves from 29 shots - (0,862), W, 3-0-0, 60:00 minutes
Carter George (MAR), 24 saves from 29 shots - (0,828), L, 2-2-0, 60:00 minutes
|
|
1 - Dylan Peterson (PHO)
2 - Adam Boqvist (PHO)
3 - Zach Dean (PHO)
|
Referees : Brandon Schrader and Kyle Rehman
Linesman : Matt MacPherson and Tyson Baker
|
|
Lucas Ciona and Gustav Lindstrom fight to a draw at 11:52 of 1st period
Mackenzie MacEachern beats up A.J. Greer at 12:17 of 1st period
Josiah Didier beats up Tim Gettinger at 12:13 of 3rd period
|
|
Level 1 -- Attendance: 2000 (100,00%) -- Ticket Income $50,000
Level 2 -- Attendance: 908 (90,80%) -- Ticket Income $10,896
Total Attendance: 2908 (96,93%)
Total Ticket Income: $60,896
Other Income: $29,839
Total Income: $90,735
|
| Team Name |
Goals |
Shots |
Shots Attemp |
Shots Blocked |
PIM |
HIT |
PP |
PK |
FO% |
| Sherbrooke Phoenix |
5 | 29 | 67 | 5 | 25 | 23 | 1 / 5 (20%) | 1 | 52% |
| Toronto Marlies |
4 | 29 | 48 | 14 | 25 | 13 | 1 / 5 (20%) | 1 | 48% |
Sherbrooke Phoenix
Toronto Marlies
Sherbrooke Phoenix
| 5 vs 5 Forward |
|---|
| Line # | Left Wing | Center | Right Wing | PHY | DF | OF | Wanted % | Time % | Time Play |
| 1 | Mackenzie MacEachern | Hunter McKown | Marc McLaughlin | 1 | 2 | 2 | 40 | 36% | 16:54
|
| 2 | Samuel Savoie | Anton Wahlberg | Riley Fiddler-Schultz | 1 | 2 | 2 | 30 | 24% | 11:14
|
| 3 | Tim Gettinger | Dylan Peterson | Chase Wouters | 1 | 2 | 2 | 20 | 26% | 12:09
|
| 4 | Sam Lipkin | Riley Kidney | Zach Dean | 1 | 2 | 2 | 10 | 14% | 6:18
|
| 5 vs 5 Defense |
|---|
| Line # | Defense | Defense | | PHY | DF | OF | Wanted % | Time % | Time Play |
| 1 | Adam Boqvist | Hunter McDonald | | 1 | 2 | 2 | 40 | 36% | 16:39
|
| 2 | Wyatt Aamodt | Colton White | | 1 | 2 | 2 | 30 | 29% | 13:22
|
| 3 | Daniil Misyul | Gustav Lindstrom | | 1 | 2 | 2 | 20 | 30% | 14:02
|
| 4 | Jeremie Biakabutuka | Adam Boqvist | | 1 | 2 | 2 | 10 | 5% | 2:32
|
| Power Play Forward |
|---|
| Line # | Left Wing | Center | Right Wing | PHY | DF | OF | Wanted % | Time % | Time Play |
| 1 | Mackenzie MacEachern | Hunter McKown | Marc McLaughlin | 1 | 2 | 2 | 60 | 76% | 4:03
|
| 2 | Samuel Savoie | Anton Wahlberg | Riley Fiddler-Schultz | 1 | 2 | 2 | 40 | 24% | 1:18
|
| Power Play Defense |
|---|
| Line # | Defense | Defense | | PHY | DF | OF | Wanted % | Time % | Time Play |
| 1 | Adam Boqvist | Hunter McDonald | | 1 | 2 | 2 | 60 | 75% | 4:02
|
| 2 | Wyatt Aamodt | Colton White | | 1 | 2 | 2 | 40 | 25% | 1:19
|
| Penalty Kill 4 Players Forward |
|---|
| Line # | Center | Wing | PHY | DF | OF | Wanted % | Time % | Time Play |
| 1 | Hunter McKown | Mackenzie MacEachern | 1 | 2 | 2 | 60 | 70% | 4:21
|
| 2 | Anton Wahlberg | Riley Fiddler-Schultz | 1 | 2 | 2 | 40 | 30% | 1:53
|
| Penalty Kill 4 Players Defense |
|---|
| Line # | Defense | Defense | PHY | DF | OF | Wanted % | Time % | Time Play |
| 1 | Adam Boqvist | Hunter McDonald | 1 | 2 | 2 | 60 | 59% | 3:40
|
| 2 | Wyatt Aamodt | Colton White | 1 | 2 | 2 | 40 | 41% | 2:34
|
| Penalty Kill 3 Players |
|---|
| Line # | Wing | PHY | DF | OF | Wanted % | Time % | Time Play | Defense | Defense | PHY | DF | OF | Wanted % | Time % | Time Play |
| 1 | Hunter McKown | 1 | 2 | 2 | 60 | 0% | 0:00
| Adam Boqvist | Hunter McDonald | 1 | 2 | 2 | 60 | 0% | 0:00
|
| 2 | Mackenzie MacEachern | 1 | 2 | 2 | 40 | 0% | 0:00
| Wyatt Aamodt | Colton White | 1 | 2 | 2 | 40 | 0% | 0:00
|
| 4 vs 4 Forward |
|---|
| Line # | Center | Wing | PHY | DF | OF | Wanted % | Time % | Time Play |
| 1 | Hunter McKown | Mackenzie MacEachern | 1 | 2 | 2 | 60 | 100% | 1:47
|
| 2 | Anton Wahlberg | Riley Fiddler-Schultz | 1 | 2 | 2 | 40 | 0% | 0:00
|
| 4 vs 4 Defense |
|---|
| Line # | Defense | | PHY | DF | OF | Wanted % | Time % | Time Play |
| 1 | Adam Boqvist | Hunter McDonald | 1 | 2 | 2 | 60 | 52% | 60% - 0:56
|
| 2 | Wyatt Aamodt | Colton White | 1 | 2 | 2 | 40 | 48% | 40% - 0:51
|
| Last Minutes Offensive |
|---|
| Left Wing | Center | Right Wing | Defense | Defense |
| Mackenzie MacEachern | Hunter McKown | Marc McLaughlin | Adam Boqvist | Hunter McDonald |
| Last Minutes Defensive |
|---|
| Left Wing | Center | Right Wing | Defense | Defense |
| Mackenzie MacEachern | Hunter McKown | Dylan Peterson | Adam Boqvist | Hunter McDonald |
| Time |
|---|
| Total Forward | Total Defense | Last Minutes Offensive | Last Minutes Defensive |
| 60:00 |
60:00 |
0:00 | 0:03 |
| Extra Forwards |
|---|
| Normal | PowerPlay | Penalty Kill |
|
Zach Dean, Tim Gettinger, Riley Kidney | Zach Dean, Tim Gettinger | Riley Kidney |
| Extra Defensemen |
|---|
| Normal | PowerPlay | Penalty Kill |
|
Daniil Misyul, Gustav Lindstrom, Jeremie Biakabutuka | Daniil Misyul, Gustav Lindstrom | Jeremie Biakabutuka |
| Penalty Shots |
|---|
|
Hunter McKown, Mackenzie MacEachern, Anton Wahlberg, Riley Fiddler-Schultz, Dylan Peterson |
| Goalie |
|---|
| Devon Levi, Garin Bjorklund |
| Scratches |
|---|
|
Alex Beaucage (Healthy), Jaxsen Wiebe (Healthy), Louis Domingue (Healthy) |
Toronto Marlies
| 5 vs 5 Forward |
|---|
| Line # | Left Wing | Center | Right Wing | PHY | DF | OF | Wanted % | Time % | Time Play |
| 1 | A.J. Greer | Brian Pinho | Matthew Highmore | 1 | 2 | 2 | 40 | 37% | 17:16
|
| 2 | Lucas Ciona | Derek Ryan | Jakub Vrana | 1 | 2 | 2 | 30 | 26% | 12:12
|
| 3 | Jonas Rondbjerg | Justin Dowling | Linus Karlsson | 1 | 2 | 2 | 20 | 22% | 10:10
|
| 4 | Curtis McKenzie | Logan Morrison | Gerry Mayhew | 1 | 2 | 2 | 10 | 15% | 7:00
|
| 5 vs 5 Defense |
|---|
| Line # | Defense | Defense | | PHY | DF | OF | Wanted % | Time % | Time Play |
| 1 | Drew Helleson | Spencer Stastney | | 1 | 2 | 2 | 42 | 44% | 20:38
|
| 2 | Travis Dermott | Ville Ottavainen | | 1 | 2 | 2 | 35 | 35% | 16:23
|
| 3 | Josiah Didier | Curtis McKenzie | | 1 | 2 | 2 | 23 | 21% | 9:37
|
| 4 | Drew Helleson | Spencer Stastney | | 1 | 2 | 2 | 0 | 0% | 0:00
|
| Power Play Forward |
|---|
| Line # | Left Wing | Center | Right Wing | PHY | DF | OF | Wanted % | Time % | Time Play |
| 1 | A.J. Greer | Brian Pinho | Matthew Highmore | 1 | 2 | 2 | 60 | 58% | 3:37
|
| 2 | Lucas Ciona | Derek Ryan | Jakub Vrana | 1 | 2 | 2 | 40 | 42% | 2:37
|
| Power Play Defense |
|---|
| Line # | Defense | Defense | | PHY | DF | OF | Wanted % | Time % | Time Play |
| 1 | Drew Helleson | Spencer Stastney | | 1 | 2 | 2 | 60 | 54% | 3:22
|
| 2 | Travis Dermott | Ville Ottavainen | | 1 | 2 | 2 | 40 | 46% | 2:52
|
| Penalty Kill 4 Players Forward |
|---|
| Line # | Center | Wing | PHY | DF | OF | Wanted % | Time % | Time Play |
| 1 | Brian Pinho | A.J. Greer | 1 | 2 | 2 | 60 | 100% | 5:21
|
| 2 | Derek Ryan | Jakub Vrana | 1 | 2 | 2 | 40 | 0% | 0:00
|
| Penalty Kill 4 Players Defense |
|---|
| Line # | Defense | Defense | PHY | DF | OF | Wanted % | Time % | Time Play |
| 1 | Drew Helleson | Spencer Stastney | 1 | 2 | 2 | 60 | 72% | 3:52
|
| 2 | Travis Dermott | Ville Ottavainen | 1 | 2 | 2 | 40 | 28% | 1:29
|
| Penalty Kill 3 Players |
|---|
| Line # | Wing | PHY | DF | OF | Wanted % | Time % | Time Play | Defense | Defense | PHY | DF | OF | Wanted % | Time % | Time Play |
| 1 | Brian Pinho | 1 | 2 | 2 | 60 | 0% | 0:00
| Drew Helleson | Spencer Stastney | 1 | 2 | 2 | 60 | 0% | 0:00
|
| 2 | Derek Ryan | 1 | 2 | 2 | 40 | 0% | 0:00
| Travis Dermott | Ville Ottavainen | 1 | 2 | 2 | 40 | 0% | 0:00
|
| 4 vs 4 Forward |
|---|
| Line # | Center | Wing | PHY | DF | OF | Wanted % | Time % | Time Play |
| 1 | Brian Pinho | A.J. Greer | 1 | 2 | 2 | 60 | 82% | 1:28
|
| 2 | Derek Ryan | Jakub Vrana | 1 | 2 | 2 | 40 | 18% | 0:19
|
| 4 vs 4 Defense |
|---|
| Line # | Defense | | PHY | DF | OF | Wanted % | Time % | Time Play |
| 1 | Drew Helleson | Spencer Stastney | 1 | 2 | 2 | 60 | 100% | 60% - 1:47
|
| 2 | Travis Dermott | Ville Ottavainen | 1 | 2 | 2 | 40 | 0% | 40% - 0:00
|
| Last Minutes Offensive |
|---|
| Left Wing | Center | Right Wing | Defense | Defense |
| A.J. Greer | Brian Pinho | Matthew Highmore | Drew Helleson | Spencer Stastney |
| Last Minutes Defensive |
|---|
| Left Wing | Center | Right Wing | Defense | Defense |
| A.J. Greer | Brian Pinho | Matthew Highmore | Drew Helleson | Spencer Stastney |
| Time |
|---|
| Total Forward | Total Defense | Last Minutes Offensive | Last Minutes Defensive |
| 60:00 |
60:00 |
0:00 | 0:00 |
| Extra Forwards |
|---|
| Normal | PowerPlay | Penalty Kill |
|
Derek Ryan, Justin Dowling, Logan Morrison | Derek Ryan, Justin Dowling | Derek Ryan |
| Extra Defensemen |
|---|
| Normal | PowerPlay | Penalty Kill |
|
Ville Ottavainen, Josiah Didier, Jakub Vrana | Ville Ottavainen, Ville Ottavainen | Josiah Didier |
| Penalty Shots |
|---|
|
A.J. Greer, Matthew Highmore, Jakub Vrana, Brian Pinho, Derek Ryan |
| Goalie |
|---|
| Carter George, Yaroslav Askarov |
| Scratches |
|---|
|
Ben Hutton (Healthy), Brandon Hickey (Healthy), Max Szuber (Healthy), Kyle Mayhew (Healthy), Gavin Hayes (Healthy)
Cade Webber (Healthy), Jesper Vikman (Healthy) |
Play-by-Play
1st period
0:01 of 1st period - Hunter McKown wins face-off versus Brian Pinho in neutral zone.
0:04 of 1st period - Snap shot by Hunter McKown.
0:04 of 1st period - Shot Misses the Net.
0:14 of 1st period - Wrist shot by A.J. Greer.
0:14 of 1st period - Goal by A.J. Greer - Sherbrooke Phoenix : 0 - Toronto Marlies : 1.
0:15 of 1st period - Samuel Savoie wins face-off versus Derek Ryan in neutral zone.
0:58 of 1st period - Minor Penalty to Gustav Lindstrom for Roughing.
0:59 of 1st period - Brian Pinho wins face-off versus Hunter McKown in Sherbrooke Phoenix zone.
1:24 of 1st period - Derek Ryan is hit by Riley Fiddler-Schultz and loses puck.
2:58 of 1st period - Penalty to Gustav Lindstrom is over, Gustav Lindstrom is back on ice.
4:33 of 1st period - Slapshot by Logan Morrison.
4:33 of 1st period - Deflect By Gerry Mayhew.
4:33 of 1st period - Shot Misses the Net.
4:33 of 1st period - Puck is out of play.
4:34 of 1st period - Logan Morrison wins face-off versus Anton Wahlberg in Sherbrooke Phoenix zone.
4:48 of 1st period - Icing by Anton Wahlberg.
4:49 of 1st period - Anton Wahlberg wins face-off versus Brian Pinho in Sherbrooke Phoenix zone.
4:57 of 1st period - Off-side.
4:58 of 1st period - Hunter McKown wins face-off versus Brian Pinho in neutral zone.
5:19 of 1st period - Slapshot by Matthew Highmore.
5:19 of 1st period - Shot Misses the Net.
5:21 of 1st period - Wrist shot by Matthew Highmore.
5:21 of 1st period - Stopped by Devon Levi with a rebound.
5:33 of 1st period - A.J. Greer is hit by Hunter McDonald and loses puck.
5:46 of 1st period - Slapshot by A.J. Greer.
5:46 of 1st period - Shot Blocked by Hunter McKown.
5:48 of 1st period - Wrist shot by Matthew Highmore.
5:48 of 1st period - Shot Misses the Net.
5:50 of 1st period - Wrist shot by A.J. Greer.
5:50 of 1st period - Stopped by Devon Levi with a rebound.
5:52 of 1st period - Slapshot by Matthew Highmore.
5:52 of 1st period - Shot Hit the Post.
5:54 of 1st period - Slapshot by Matthew Highmore.
5:54 of 1st period - Shot Misses the Net.
5:56 of 1st period - Slapshot by Spencer Stastney.
5:56 of 1st period - Shot Misses the Net.
6:04 of 1st period - Wrist shot by Brian Pinho.
6:04 of 1st period - Stopped by Devon Levi without a rebound.
6:05 of 1st period - Riley Fiddler-Schultz wins face-off versus Derek Ryan in Sherbrooke Phoenix zone.
6:15 of 1st period - Off-side.
6:16 of 1st period - Anton Wahlberg wins face-off versus Jakub Vrana in neutral zone.
7:05 of 1st period - Icing by Sam Lipkin.
7:06 of 1st period - Riley Kidney wins face-off versus Logan Morrison in Sherbrooke Phoenix zone.
7:35 of 1st period - Slapshot by Marc McLaughlin.
7:35 of 1st period - Shot Misses the Net.
7:37 of 1st period - Wrist shot by Hunter McKown.
7:37 of 1st period - Goal by Hunter McKown - Sherbrooke Phoenix : 1 - Toronto Marlies : 1.
7:38 of 1st period - Derek Ryan wins face-off versus Mackenzie MacEachern in neutral zone.
7:53 of 1st period - Snap shot by Jakub Vrana.
7:53 of 1st period - Shot Misses the Net.
8:03 of 1st period - Adam Boqvist is hit by Drew Helleson.
8:11 of 1st period - Snap shot by Justin Dowling.
8:11 of 1st period - Shot Blocked by Adam Boqvist.
8:13 of 1st period - Wrist shot by Linus Karlsson.
8:13 of 1st period - Deflect By Jonas Rondbjerg.
8:13 of 1st period - Stopped by Devon Levi without a rebound.
8:14 of 1st period - Brian Pinho wins face-off versus Anton Wahlberg in Sherbrooke Phoenix zone.
9:10 of 1st period - Slapshot by Adam Boqvist.
9:10 of 1st period - Shot Misses the Net.
9:12 of 1st period - Backhand shot by Zach Dean.
9:12 of 1st period - Stopped by Carter George with a rebound.
9:52 of 1st period - Wrist shot by Riley Fiddler-Schultz.
9:52 of 1st period - Deflect By Travis Dermott.
9:52 of 1st period - Stopped by Carter George without a rebound.
9:53 of 1st period - Derek Ryan wins face-off versus Riley Fiddler-Schultz in Toronto Marlies zone.
10:23 of 1st period - Derek Ryan is hit by Dylan Peterson and loses puck.
10:56 of 1st period - Wrist shot by Dylan Peterson.
10:56 of 1st period - Shot Misses the Net.
10:58 of 1st period - Wrist shot by Tim Gettinger.
10:58 of 1st period - Shot Blocked by Derek Ryan.
11:41 of 1st period - Wrist shot by Dylan Peterson.
11:41 of 1st period - Shot Misses the Net.
11:52 of 1st period - Lucas Ciona and Gustav Lindstrom fight to a draw.
11:52 of 1st period - Penalty to Lucas Ciona for Fighting.
11:52 of 1st period - Penalty to Gustav Lindstrom for Fighting.
11:53 of 1st period - Brian Pinho wins face-off versus Marc McLaughlin in Toronto Marlies zone.
12:02 of 1st period - Minor Penalty to A.J. Greer for Holding.
12:03 of 1st period - Hunter McKown wins face-off versus Brian Pinho in Toronto Marlies zone.
12:12 of 1st period - Wrist shot by Mackenzie MacEachern.
12:12 of 1st period - Goal by Mackenzie MacEachern - Sherbrooke Phoenix : 2 - Toronto Marlies : 1.
12:13 of 1st period - Marc McLaughlin wins face-off versus Brian Pinho in neutral zone.
12:17 of 1st period - Mackenzie MacEachern beats up A.J. Greer.
12:17 of 1st period - Penalty to A.J. Greer for Fighting.
12:17 of 1st period - Penalty to Mackenzie MacEachern for Fighting.
12:18 of 1st period - Brian Pinho wins face-off versus Hunter McKown in neutral zone.
12:28 of 1st period - Snap shot by Marc McLaughlin.
12:28 of 1st period - Shot Blocked by Drew Helleson.
13:39 of 1st period - Snap shot by Matthew Highmore.
13:39 of 1st period - Stopped by Devon Levi with a rebound.
13:47 of 1st period - Snap shot by Dylan Peterson.
13:47 of 1st period - Shot Misses the Net.
13:49 of 1st period - Slapshot by Wyatt Aamodt.
13:49 of 1st period - Deflect By Dylan Peterson.
13:49 of 1st period - Shot Misses the Net.
13:49 of 1st period - Puck is out of play.
13:50 of 1st period - Hunter McKown wins face-off versus Justin Dowling in Toronto Marlies zone.
13:51 of 1st period - Slapshot by Marc McLaughlin.
13:51 of 1st period - Shot Misses the Net.
14:17 of 1st period - Logan Morrison is hit by Wyatt Aamodt and loses puck.
14:38 of 1st period - Justin Dowling is hit by Riley Kidney and loses puck.
14:51 of 1st period - Wrist shot by Marc McLaughlin.
14:51 of 1st period - Shot Misses the Net.
16:33 of 1st period - Spencer Stastney is hit by Adam Boqvist and loses puck.
16:44 of 1st period - Josiah Didier is hit by Hunter McDonald and loses puck.
Goals for this period are 2 for Sherbrooke Phoenix vs 1 for Toronto Marlies.
Shots for this period are 4 for Sherbrooke Phoenix vs 6 for Toronto Marlies.
2nd period
0:01 of 2nd period - Hunter McKown wins face-off versus Brian Pinho in neutral zone.
0:10 of 2nd period - Slapshot by Brian Pinho.
0:10 of 2nd period - Goal by Brian Pinho - Sherbrooke Phoenix : 2 - Toronto Marlies : 2.
0:11 of 2nd period - Derek Ryan wins face-off versus Hunter McKown in neutral zone.
0:14 of 2nd period - Hunter McKown is hit by Lucas Ciona and loses puck.
0:21 of 2nd period - Snap shot by Derek Ryan.
0:21 of 2nd period - Goal by Derek Ryan - Sherbrooke Phoenix : 2 - Toronto Marlies : 3.
0:22 of 2nd period - Brian Pinho wins face-off versus Mackenzie MacEachern in neutral zone.
0:49 of 2nd period - Samuel Savoie is hit by Justin Dowling and loses puck.
1:19 of 2nd period - Wrist shot by Riley Kidney.
1:19 of 2nd period - Stopped by Carter George with a rebound.
1:21 of 2nd period - Snap shot by Sam Lipkin.
1:21 of 2nd period - Deflect By Riley Kidney.
1:21 of 2nd period - Shot Blocked by Jakub Vrana.
1:21 of 2nd period - Puck is out of play.
1:22 of 2nd period - Hunter McKown wins face-off versus Brian Pinho in Toronto Marlies zone.
1:29 of 2nd period - Slapshot by Mackenzie MacEachern.
1:29 of 2nd period - Stopped by Carter George with a rebound.
1:31 of 2nd period - Snap shot by Mackenzie MacEachern.
1:31 of 2nd period - Stopped by Carter George with a rebound.
1:33 of 2nd period - Wrist shot by Marc McLaughlin.
1:33 of 2nd period - Stopped by Carter George with a rebound.
1:57 of 2nd period - Wrist shot by Zach Dean.
1:57 of 2nd period - Stopped by Carter George with a rebound.
2:15 of 2nd period - Slapshot by Derek Ryan.
2:15 of 2nd period - Stopped by Devon Levi without a rebound.
2:16 of 2nd period - Derek Ryan wins face-off versus Hunter McKown in Sherbrooke Phoenix zone.
2:33 of 2nd period - Wrist shot by Jakub Vrana.
2:33 of 2nd period - Stopped by Devon Levi with a rebound.
2:35 of 2nd period - Snap shot by Lucas Ciona.
2:35 of 2nd period - Deflect By Jakub Vrana.
2:35 of 2nd period - Shot Misses the Net.
2:35 of 2nd period - Puck is out of play.
2:36 of 2nd period - Anton Wahlberg wins face-off versus Justin Dowling in Sherbrooke Phoenix zone.
2:41 of 2nd period - Ville Ottavainen is hit by Riley Fiddler-Schultz and loses puck.
2:50 of 2nd period - Wrist shot by Anton Wahlberg.
2:50 of 2nd period - Stopped by Carter George without a rebound.
2:51 of 2nd period - Brian Pinho wins face-off versus Hunter McKown in Toronto Marlies zone.
2:59 of 2nd period - Icing by Adam Boqvist.
3:00 of 2nd period - Hunter McKown wins face-off versus Matthew Highmore in Sherbrooke Phoenix zone.
3:05 of 2nd period - Hunter McKown is hit by Drew Helleson and loses puck.
4:13 of 2nd period - Icing by Hunter McDonald.
4:14 of 2nd period - Lucas Ciona wins face-off versus Hunter McKown in Sherbrooke Phoenix zone.
4:21 of 2nd period - Snap shot by Jakub Vrana.
4:21 of 2nd period - Stopped by Devon Levi with a rebound.
4:23 of 2nd period - Snap shot by Lucas Ciona.
4:23 of 2nd period - Shot Misses the Net.
4:25 of 2nd period - Snap shot by Josiah Didier.
4:25 of 2nd period - Deflect By Derek Ryan.
4:25 of 2nd period - Deflect By Mackenzie MacEachern.
4:25 of 2nd period - Stopped by Devon Levi with a rebound.
4:27 of 2nd period - Snap shot by Jakub Vrana.
4:27 of 2nd period - Stopped by Devon Levi with a rebound.
4:29 of 2nd period - Slapshot by Josiah Didier.
4:29 of 2nd period - Shot Misses the Net.
5:04 of 2nd period - Backhand shot by Dylan Peterson.
5:04 of 2nd period - Goal by Dylan Peterson - Sherbrooke Phoenix : 3 - Toronto Marlies : 3.
5:05 of 2nd period - Anton Wahlberg wins face-off versus Jakub Vrana in neutral zone.
6:01 of 2nd period - Off-side.
6:02 of 2nd period - Derek Ryan wins face-off versus Anton Wahlberg in neutral zone.
7:36 of 2nd period - Snap shot by Sam Lipkin.
7:36 of 2nd period - Stopped by Carter George without a rebound.
7:37 of 2nd period - Derek Ryan wins face-off versus Anton Wahlberg in Toronto Marlies zone.
7:39 of 2nd period - Minor Penalty to Drew Helleson for Slashing.
7:40 of 2nd period - Hunter McKown wins face-off versus Brian Pinho in Toronto Marlies zone.
7:40 of 2nd period - Snap shot by Marc McLaughlin.
7:40 of 2nd period - Stopped by Carter George without a rebound.
7:41 of 2nd period - Brian Pinho wins face-off versus Mackenzie MacEachern in Toronto Marlies zone.
7:51 of 2nd period - Minor Penalty to Mackenzie MacEachern for Tripping.
7:52 of 2nd period - Hunter McKown wins face-off versus A.J. Greer in Sherbrooke Phoenix zone.
7:57 of 2nd period - Spencer Stastney is hit by Hunter McDonald.
8:18 of 2nd period - Brian Pinho is hit by Hunter McKown and loses puck.
8:41 of 2nd period - Slapshot by Derek Ryan.
8:41 of 2nd period - Stopped by Devon Levi with a rebound.
9:09 of 2nd period - Tim Gettinger is hit by Logan Morrison and loses puck.
9:39 of 2nd period - Penalty to Drew Helleson is over, Drew Helleson is back on ice.
9:51 of 2nd period - Penalty to Mackenzie MacEachern is over, Mackenzie MacEachern is back on ice.
10:50 of 2nd period - Snap shot by Zach Dean.
10:50 of 2nd period - Shot Blocked by Derek Ryan.
11:36 of 2nd period - Snap shot by Derek Ryan.
11:36 of 2nd period - Stopped by Devon Levi with a rebound.
11:38 of 2nd period - Snap shot by Spencer Stastney.
11:38 of 2nd period - Stopped by Devon Levi with a rebound.
12:25 of 2nd period - Off-side.
12:26 of 2nd period - Anton Wahlberg wins face-off versus Justin Dowling in neutral zone.
13:40 of 2nd period - Slapshot by Adam Boqvist.
13:40 of 2nd period - Shot Blocked by Curtis McKenzie.
14:33 of 2nd period - Icing by Derek Ryan.
14:34 of 2nd period - Derek Ryan wins face-off versus Hunter McKown in Toronto Marlies zone.
14:36 of 2nd period - Icing by Lucas Ciona.
14:37 of 2nd period - Hunter McKown wins face-off versus Derek Ryan in Toronto Marlies zone.
15:08 of 2nd period - Snap shot by Riley Fiddler-Schultz.
15:08 of 2nd period - Stopped by Carter George with a rebound.
15:10 of 2nd period - Snap shot by Samuel Savoie.
15:10 of 2nd period - Deflect By Anton Wahlberg.
15:10 of 2nd period - Shot Misses the Net.
15:10 of 2nd period - Puck is out of play.
15:11 of 2nd period - Hunter McKown wins face-off versus Brian Pinho in Toronto Marlies zone.
15:36 of 2nd period - Drew Helleson is hit by Riley Fiddler-Schultz and loses puck.
16:03 of 2nd period - Slapshot by Wyatt Aamodt.
16:03 of 2nd period - Shot Blocked by Jonas Rondbjerg.
16:05 of 2nd period - Slapshot by Colton White.
16:05 of 2nd period - Deflect By Tim Gettinger.
16:05 of 2nd period - Shot Misses the Net.
16:05 of 2nd period - Puck is out of play.
16:06 of 2nd period - Brian Pinho wins face-off versus Hunter McKown in Toronto Marlies zone.
16:06 of 2nd period - Brian Pinho is hit by Colton White.
16:09 of 2nd period - Icing by Matthew Highmore.
16:10 of 2nd period - Brian Pinho wins face-off versus Hunter McKown in Toronto Marlies zone.
16:10 of 2nd period - Brian Pinho is hit by Wyatt Aamodt.
16:18 of 2nd period - Slapshot by Drew Helleson.
16:18 of 2nd period - Stopped by Devon Levi without a rebound.
16:19 of 2nd period - Hunter McKown wins face-off versus Brian Pinho in Sherbrooke Phoenix zone.
16:35 of 2nd period - Minor Penalty to A.J. Greer for Interference.
16:36 of 2nd period - Brian Pinho wins face-off versus Hunter McKown in Toronto Marlies zone.
17:14 of 2nd period - Snap shot by Adam Boqvist.
17:14 of 2nd period - Shot Blocked by Drew Helleson.
18:35 of 2nd period - Penalty to A.J. Greer is over, A.J. Greer is back on ice.
18:43 of 2nd period - Travis Dermott is hit by Wyatt Aamodt and loses puck.
18:52 of 2nd period - Slapshot by A.J. Greer.
18:52 of 2nd period - Stopped by Devon Levi without a rebound.
18:53 of 2nd period - Justin Dowling wins face-off versus Riley Kidney in Sherbrooke Phoenix zone.
19:20 of 2nd period - Snap shot by Brian Pinho.
19:20 of 2nd period - Shot Misses the Net.
19:28 of 2nd period - Snap shot by Dylan Peterson.
19:28 of 2nd period - Stopped by Carter George with a rebound.
19:34 of 2nd period - Minor Penalty to A.J. Greer for Holding Stick.
19:35 of 2nd period - Brian Pinho wins face-off versus Marc McLaughlin in Toronto Marlies zone.
19:35 of 2nd period - Brian Pinho is hit by Mackenzie MacEachern.
Goals for this period are 1 for Sherbrooke Phoenix vs 2 for Toronto Marlies.
Shots for this period are 11 for Sherbrooke Phoenix vs 12 for Toronto Marlies.
3rd period
0:01 of 3rd period - Brian Pinho wins face-off versus Hunter McKown in neutral zone.
0:04 of 3rd period - Backhand shot by Spencer Stastney.
0:04 of 3rd period - Shot Misses the Net.
0:10 of 3rd period - Backhand shot by Hunter McKown.
0:10 of 3rd period - Stopped by Carter George with a rebound.
0:12 of 3rd period - Slapshot by Hunter McDonald.
0:12 of 3rd period - Stopped by Carter George without a rebound.
0:13 of 3rd period - Brian Pinho wins face-off versus Marc McLaughlin in Toronto Marlies zone.
0:13 of 3rd period - Brian Pinho is hit by Mackenzie MacEachern.
0:27 of 3rd period - Brian Pinho is hit by Adam Boqvist and loses puck.
1:30 of 3rd period - Wyatt Aamodt is hit by Jakub Vrana and loses puck.
1:34 of 3rd period - Penalty to A.J. Greer is over, A.J. Greer is back on ice.
1:48 of 3rd period - Wrist shot by Jakub Vrana.
1:48 of 3rd period - Deflect By Marc McLaughlin.
1:48 of 3rd period - Stopped by Devon Levi with a rebound.
2:17 of 3rd period - Snap shot by Hunter McKown.
2:17 of 3rd period - Shot Blocked by Justin Dowling.
2:23 of 3rd period - Snap shot by Hunter McKown.
2:23 of 3rd period - Stopped by Carter George with a rebound.
2:43 of 3rd period - Snap shot by Jakub Vrana.
2:43 of 3rd period - Shot Blocked by Daniil Misyul.
2:51 of 3rd period - A.J. Greer is hit by Marc McLaughlin and loses puck.
2:56 of 3rd period - Wrist shot by Mackenzie MacEachern.
2:56 of 3rd period - Shot Hit the Post.
2:58 of 3rd period - Snap shot by Hunter McKown.
2:58 of 3rd period - Shot Blocked by Spencer Stastney.
3:02 of 3rd period - Snap shot by Hunter McKown.
3:02 of 3rd period - Shot Blocked by Spencer Stastney.
3:04 of 3rd period - Wrist shot by Mackenzie MacEachern.
3:04 of 3rd period - Shot Misses the Net.
3:06 of 3rd period - Slapshot by Mackenzie MacEachern.
3:06 of 3rd period - Stopped by Carter George with a rebound.
3:08 of 3rd period - Snap shot by Hunter McKown.
3:08 of 3rd period - Shot Misses the Net.
3:10 of 3rd period - Slapshot by Daniil Misyul.
3:10 of 3rd period - Deflect By Marc McLaughlin.
3:10 of 3rd period - Shot Misses the Net.
3:10 of 3rd period - Puck is out of play.
3:11 of 3rd period - Anton Wahlberg wins face-off versus Logan Morrison in Toronto Marlies zone.
3:24 of 3rd period - Wrist shot by Gerry Mayhew.
3:24 of 3rd period - Shot Misses the Net.
3:36 of 3rd period - Ville Ottavainen is hit by Chase Wouters and loses puck.
3:41 of 3rd period - Wrist shot by Dylan Peterson.
3:41 of 3rd period - Shot Misses the Net.
3:43 of 3rd period - Snap shot by Dylan Peterson.
3:43 of 3rd period - Shot Misses the Net.
4:04 of 3rd period - Minor Penalty to Riley Kidney for Slashing.
4:05 of 3rd period - Anton Wahlberg wins face-off versus Brian Pinho in Sherbrooke Phoenix zone.
6:04 of 3rd period - Penalty to Riley Kidney is over, Riley Kidney is back on ice.
9:03 of 3rd period - Spencer Stastney is hit by Sam Lipkin and loses puck.
9:37 of 3rd period - Icing by Anton Wahlberg.
9:38 of 3rd period - Justin Dowling wins face-off versus Dylan Peterson in Sherbrooke Phoenix zone.
10:02 of 3rd period - Minor Penalty to Hunter McDonald for High sticking.
10:03 of 3rd period - Brian Pinho wins face-off versus Hunter McKown in Sherbrooke Phoenix zone.
10:39 of 3rd period - Slapshot by Spencer Stastney.
10:39 of 3rd period - Deflect By Derek Ryan.
10:39 of 3rd period - Shot Blocked by Colton White.
10:39 of 3rd period - Puck is out of play.
10:40 of 3rd period - Anton Wahlberg wins face-off versus Jakub Vrana in Sherbrooke Phoenix zone.
10:40 of 3rd period - Anton Wahlberg is hit by Derek Ryan.
11:23 of 3rd period - Gustav Lindstrom is hit by Lucas Ciona.
12:02 of 3rd period - Penalty to Hunter McDonald is over, Hunter McDonald is back on ice.
12:03 of 3rd period - Slapshot by Tim Gettinger.
12:03 of 3rd period - Stopped by Carter George without a rebound.
12:04 of 3rd period - Brian Pinho wins face-off versus Anton Wahlberg in Toronto Marlies zone.
12:04 of 3rd period - Brian Pinho is hit by Anton Wahlberg.
12:13 of 3rd period - Josiah Didier beats up Tim Gettinger.
12:13 of 3rd period - Penalty to Josiah Didier for Fighting.
12:13 of 3rd period - Penalty to Tim Gettinger for Fighting.
12:14 of 3rd period - Anton Wahlberg wins face-off versus Derek Ryan in Sherbrooke Phoenix zone.
12:44 of 3rd period - Colton White is hit by Drew Helleson and loses puck.
13:05 of 3rd period - Snap shot by Linus Karlsson.
13:05 of 3rd period - Stopped by Devon Levi with a rebound.
13:07 of 3rd period - Slapshot by Drew Helleson.
13:07 of 3rd period - Deflect By Zach Dean.
13:07 of 3rd period - Stopped by Devon Levi without a rebound.
13:08 of 3rd period - Anton Wahlberg wins face-off versus Derek Ryan in Sherbrooke Phoenix zone.
13:08 of 3rd period - Anton Wahlberg is hit by Travis Dermott.
13:38 of 3rd period - Wrist shot by Adam Boqvist.
13:38 of 3rd period - Deflect By Travis Dermott.
13:38 of 3rd period - Goal by Adam Boqvist - Sherbrooke Phoenix : 4 - Toronto Marlies : 3.
13:39 of 3rd period - Brian Pinho wins face-off versus Hunter McKown in neutral zone.
13:50 of 3rd period - Hunter McKown is hit by A.J. Greer and loses puck.
14:13 of 3rd period - Snap shot by Anton Wahlberg.
14:13 of 3rd period - Shot Misses the Net.
14:15 of 3rd period - Wrist shot by Samuel Savoie.
14:15 of 3rd period - Deflect By Riley Fiddler-Schultz.
14:15 of 3rd period - Shot Misses the Net.
14:15 of 3rd period - Puck is out of play.
14:16 of 3rd period - Justin Dowling wins face-off versus Anton Wahlberg in Toronto Marlies zone.
14:21 of 3rd period - Colton White is hit by Jonas Rondbjerg and loses puck.
14:32 of 3rd period - Snap shot by Linus Karlsson.
14:32 of 3rd period - Stopped by Devon Levi with a rebound.
14:38 of 3rd period - Linus Karlsson is hit by Anton Wahlberg and loses puck.
15:11 of 3rd period - Jakub Vrana is hit by Dylan Peterson and loses puck.
15:22 of 3rd period - Slapshot by Zach Dean.
15:22 of 3rd period - Goal by Zach Dean - Sherbrooke Phoenix : 5 - Toronto Marlies : 3.
15:23 of 3rd period - Mackenzie MacEachern wins face-off versus Justin Dowling in neutral zone.
15:37 of 3rd period - Icing by Drew Helleson.
15:38 of 3rd period - Chase Wouters wins face-off versus Justin Dowling in Toronto Marlies zone.
15:51 of 3rd period - Wrist shot by Justin Dowling.
15:51 of 3rd period - Stopped by Devon Levi with a rebound.
15:53 of 3rd period - Slapshot by Spencer Stastney.
15:53 of 3rd period - Shot Misses the Net.
15:55 of 3rd period - Slapshot by Linus Karlsson.
15:55 of 3rd period - Stopped by Devon Levi with a rebound.
15:57 of 3rd period - Wrist shot by Linus Karlsson.
15:57 of 3rd period - Shot Blocked by Chase Wouters.
15:59 of 3rd period - Snap shot by Jonas Rondbjerg.
15:59 of 3rd period - Stopped by Devon Levi without a rebound.
16:00 of 3rd period - Hunter McKown wins face-off versus Brian Pinho in Sherbrooke Phoenix zone.
16:02 of 3rd period - Minor Penalty to Wyatt Aamodt for Interference.
16:03 of 3rd period - Hunter McKown wins face-off versus Brian Pinho in Sherbrooke Phoenix zone.
16:07 of 3rd period - Snap shot by Matthew Highmore.
16:07 of 3rd period - Goal by Matthew Highmore - Sherbrooke Phoenix : 5 - Toronto Marlies : 4.
16:08 of 3rd period - Hunter McKown wins face-off versus Justin Dowling in neutral zone.
16:21 of 3rd period - Slapshot by Marc McLaughlin.
16:21 of 3rd period - Shot Misses the Net.
16:43 of 3rd period - Slapshot by Drew Helleson.
16:43 of 3rd period - Stopped by Devon Levi with a rebound.
16:55 of 3rd period - Slapshot by Adam Boqvist.
16:55 of 3rd period - Shot Blocked by Spencer Stastney.
16:57 of 3rd period - Slapshot by Hunter McDonald.
16:57 of 3rd period - Stopped by Carter George with a rebound.
16:59 of 3rd period - Slapshot by Anton Wahlberg.
16:59 of 3rd period - Shot Misses the Net.
17:01 of 3rd period - Snap shot by Samuel Savoie.
17:01 of 3rd period - Stopped by Carter George with a rebound.
17:03 of 3rd period - Wrist shot by Riley Fiddler-Schultz.
17:03 of 3rd period - Shot Blocked by Spencer Stastney.
17:47 of 3rd period - Snap shot by Jonas Rondbjerg.
17:47 of 3rd period - Stopped by Devon Levi without a rebound.
17:48 of 3rd period - Dylan Peterson wins face-off versus Justin Dowling in Sherbrooke Phoenix zone.
18:22 of 3rd period - Snap shot by Tim Gettinger.
18:22 of 3rd period - Stopped by Carter George with a rebound.
18:24 of 3rd period - Snap shot by Tim Gettinger.
18:24 of 3rd period - Shot Misses the Net.
18:26 of 3rd period - Wrist shot by Dylan Peterson.
18:26 of 3rd period - Shot Misses the Net.
18:28 of 3rd period - Snap shot by Chase Wouters.
18:28 of 3rd period - Stopped by Carter George with a rebound.
18:30 of 3rd period - Slapshot by Gustav Lindstrom.
18:30 of 3rd period - Shot Misses the Net.
18:32 of 3rd period - Slapshot by Daniil Misyul.
18:32 of 3rd period - Shot Blocked by Travis Dermott.
18:34 of 3rd period - Slapshot by Gustav Lindstrom.
18:34 of 3rd period - Shot Blocked by Ville Ottavainen.
18:36 of 3rd period - Slapshot by Daniil Misyul.
18:36 of 3rd period - Stopped by Carter George without a rebound.
18:37 of 3rd period - Riley Kidney wins face-off versus Justin Dowling in Toronto Marlies zone.
18:37 of 3rd period - Riley Kidney is hit by Jonas Rondbjerg.
18:58 of 3rd period - Minor Penalty to Justin Dowling for Tripping.
18:59 of 3rd period - Brian Pinho wins face-off versus Hunter McKown in Toronto Marlies zone.
19:12 of 3rd period - Snap shot by Mackenzie MacEachern.
19:12 of 3rd period - Stopped by Carter George with a rebound.
19:14 of 3rd period - Slapshot by Adam Boqvist.
19:14 of 3rd period - Stopped by Carter George without a rebound.
19:15 of 3rd period - Brad Larsen call a timeout for Toronto Marlies.
19:15 of 3rd period - Hunter McKown wins face-off versus Brian Pinho in Toronto Marlies zone.
19:27 of 3rd period - Off-side.
19:28 of 3rd period - Brian Pinho wins face-off versus Hunter McKown in neutral zone.
19:35 of 3rd period - Snap shot by A.J. Greer.
19:35 of 3rd period - Stopped by Devon Levi with a rebound.
19:42 of 3rd period - Off-side.
19:43 of 3rd period - Brian Pinho wins face-off versus Hunter McKown in neutral zone.
Goals for this period are 2 for Sherbrooke Phoenix vs 1 for Toronto Marlies.
Shots for this period are 14 for Sherbrooke Phoenix vs 11 for Toronto Marlies.